General information
- name: BNet
- type: Ladder team game (AT/RT)
- host: Battle.net
- saver: llllllllll
map: Cherryville
- players: 8
- length: 22:05
- speed: Fast
- version: 1.26 W3XP
- replay type: Public
» download(153 KB)
Players
team 1 (winner)

»
derpp (
purple | 72 APM | 1599 actions | 22:04)
5 Dark Ranger
2 Black Arrow
3 Silence
3 Death Knight
2 Death Coil
1 Unholy Aura
» actions
| Assign group hotkey | 64 | |
| Basic commands | 137 | |
| Build / train | 68 | |
| Enter build submenu | 22 | |
| Enter hero's abilities submenu | 8 | |
| Give item / drop item | 3 | |
| Right click | 454 | |
| Select / deselect | 313 | |
| Select group hotkey | 482 | |
| Use ability | 48 | |
1599 total
» units
| Acolyte | 7 | |
| Ghoul | 3 | |
| Crypt Fiend | 9 | |
| Obsidian Statue | 2 | |
| Frost Wyrm | 2 | |
23 total
» upgrades
| Web | 1 | |
| Creature Attack | 3 | |
| Creature Carapace | 3 | |
| Destroyer Form | 1 | |
| Freezing Breath | 1 | |
| Ghoul Frenzy | 1 | |
| Cannibalize | 1 | |
| Burrow | 1 | |
| Stone Form | 1 | |
| Disease Cloud | 1 | |
| Exhume Corpses | 1 | |
| Unholy Armor | 1 | |
| Unholy Strength | 1 | |
| Backpack | 1 | |
18 total
» buildings
| Crypt | 1 | |
| Ziggurat | 8 | |
| Graveyard | 1 | |
| Altar of Darkness | 1 | |
| Halls of the Dead | 1 | |
| Tomb of Relics | 1 | |
| Necropolis | 1 | |
| Slaughterhouse | 1 | |
| Black Citadel | 1 | |
| Sacrificial Pit | 1 | |
| Spirit Tower | 2 | |
| Boneyard | 3 | |
22 total
» build order
00:06 Crypt
00:09 Ziggurat
00:56 Graveyard
00:58 Altar of Darkness
01:38 Ziggurat
02:05 Ziggurat
03:23 Halls of the Dead
04:42 Tomb of Relics
05:12 Ziggurat
05:36 Necropolis
07:14 Slaughterhouse
08:41 Black Citadel
08:44 Sacrificial Pit
09:08 Spirit Tower
09:08 Spirit Tower
11:16 Boneyard
11:18 Boneyard
11:19 Boneyard
11:36 Ziggurat
11:38 Ziggurat
16:17 Ziggurat
16:18 Ziggurat
» items
| Periapt of Vitality | 1 | |
| Circlet of Nobility | 2 | |
| Boots of Speed | 1 | |
| Orb of Corruption | 1 | |
| Scroll of Town Portal | 2 | |
| Potion of Healing | 1 | |
8 total
Astros (
yellow | 60 APM | 1319 actions | 22:04)
6 Death Knight
3 Death Coil
3 Unholy Aura
4 Lich
3 Frost Nova
1 Frost Armor
» actions
| Build / train | 44 | |
| ESC pressed | 1 | |
| Enter build submenu | 16 | |
| Enter hero's abilities submenu | 12 | |
| Give item / drop item | 4 | |
| Remove unit from queue | 1 | |
| Right click | 856 | |
| Select / deselect | 335 | |
| Use ability | 50 | |
1319 total
» units
| Acolyte | 7 | |
| Ghoul | 3 | |
| Crypt Fiend | 5 | |
| Frost Wyrm | 5 | |
20 total
» upgrades
| Web | 1 | |
| Creature Attack | 3 | |
| Burrow | 1 | |
| Creature Carapace | 2 | |
| Freezing Breath | 1 | |
8 total
» buildings
| Crypt | 1 | |
| Graveyard | 1 | |
| Ziggurat | 9 | |
| Altar of Darkness | 1 | |
| Halls of the Dead | 1 | |
| Black Citadel | 1 | |
| Sacrificial Pit | 1 | |
| Boneyard | 2 | |
17 total
» build order
00:21 Crypt
00:25 Graveyard
00:39 Ziggurat
00:59 Altar of Darkness
01:14 Ziggurat
02:42 Halls of the Dead
04:20 Ziggurat
05:05 Black Citadel
06:10 Ziggurat
06:12 Ziggurat
06:53 Sacrificial Pit
08:08 Boneyard
08:09 Boneyard
08:13 Ziggurat
13:39 Ziggurat
13:40 Ziggurat
17:13 Ziggurat

»
llllllllll (
pink | 74 APM | 1630 actions | 22:05)
4 Death Knight
2 Death Coil
2 Unholy Aura
4 Dark Ranger
2 Silence
2 Black Arrow
4 Pit Lord
2 Howl of Terror
2 Cleaving Attack
» actions
| Assign group hotkey | 52 | |
| Basic commands | 52 | |
| Build / train | 84 | |
| Enter build submenu | 22 | |
| Enter hero's abilities submenu | 12 | |
| Give item / drop item | 11 | |
| Right click | 438 | |
| Select / deselect | 325 | |
| Select group hotkey | 562 | |
| Use ability | 72 | |
1630 total
» units
| Acolyte | 9 | |
| Ghoul | 4 | |
| Crypt Fiend | 6 | |
| Frost Wyrm | 8 | |
27 total
» upgrades
| Creature Carapace | 3 | |
| Freezing Breath | 1 | |
| Creature Attack | 1 | |
5 total
» buildings
| Graveyard | 1 | |
| Crypt | 1 | |
| Altar of Darkness | 1 | |
| Ziggurat | 8 | |
| Tomb of Relics | 2 | |
| Halls of the Dead | 1 | |
| Necropolis | 1 | |
| Black Citadel | 1 | |
| Sacrificial Pit | 1 | |
| Nerubian Tower | 6 | |
| Boneyard | 2 | |
25 total
» build order
00:13 Graveyard
00:27 Crypt
00:48 Altar of Darkness
01:09 Ziggurat
01:55 Tomb of Relics
02:07 Ziggurat
03:57 Halls of the Dead
04:24 Necropolis
06:18 Black Citadel
06:41 Tomb of Relics
07:04 Ziggurat
07:20 Sacrificial Pit
08:02 Nerubian Tower
09:09 Boneyard
09:19 Boneyard
09:56 Ziggurat
10:19 Ziggurat
11:33 Nerubian Tower
11:36 Ziggurat
13:56 Nerubian Tower
14:00 Nerubian Tower
14:07 Ziggurat
16:07 Nerubian Tower
16:11 Ziggurat
17:05 Nerubian Tower
» items
| Rod of Necromancy | 1 | |
| Sacrificial Skull | 2 | |
| Boots of Speed | 1 | |
| Orb of Corruption | 3 | |
| Potion of Mana | 3 | |
| Potion of Healing | 2 | |
| Scroll of Healing | 4 | |
| Periapt of Vitality | 1 | |
| Potion of Lesser Invulnerability | 2 | |
| Scroll of Protection | 1 | |
20 total

»
GoBuffs (
orange | 28 APM | 628 actions | 22:04)
5 Death Knight
3 Death Coil
2 Unholy Aura
4 Lich
2 Frost Nova
2 Frost Armor
» actions
| Build / train | 50 | |
| Enter build submenu | 18 | |
| Enter hero's abilities submenu | 9 | |
| Give item / drop item | 1 | |
| Right click | 270 | |
| Select / deselect | 233 | |
| Use ability | 47 | |
628 total
» units
| Acolyte | 7 | |
| Ghoul | 6 | |
| Crypt Fiend | 9 | |
| Frost Wyrm | 5 | |
27 total
» upgrades
| Creature Attack | 2 | |
| Web | 1 | |
| Creature Carapace | 2 | |
| Freezing Breath | 1 | |
6 total
» buildings
| Altar of Darkness | 1 | |
| Crypt | 1 | |
| Ziggurat | 9 | |
| Graveyard | 1 | |
| Tomb of Relics | 1 | |
| Halls of the Dead | 1 | |
| Black Citadel | 1 | |
| Sacrificial Pit | 1 | |
| Boneyard | 2 | |
18 total
» build order
00:24 Altar of Darkness
00:29 Crypt
00:51 Ziggurat
00:58 Ziggurat
01:13 Ziggurat
02:06 Graveyard
02:34 Tomb of Relics
04:11 Halls of the Dead
04:49 Ziggurat
07:57 Black Citadel
08:03 Sacrificial Pit
08:41 Ziggurat
10:49 Boneyard
10:55 Boneyard
13:22 Ziggurat
13:43 Ziggurat
13:45 Ziggurat
13:48 Ziggurat
» items
| Rod of Necromancy | 1 | |
| Orb of Corruption | 1 | |
2 total
team 2 (loser)
Spectrus (
green | 61 APM | 1340 actions | 22:03)
4 Mountain King
2 Storm Bolt
2 Bash
2 Archmage
1 Summon Water Elemental
1 Brilliance Aura
» actions
| Assign group hotkey | 10 | |
| Build / train | 110 | |
| Enter build submenu | 41 | |
| Enter hero's abilities submenu | 7 | |
| Remove unit from queue | 4 | |
| Right click | 472 | |
| Select / deselect | 256 | |
| Select group hotkey | 353 | |
| Use ability | 87 | |
1340 total
» units
| Peasant | 19 | |
| Footman | 10 | |
| Gryphon Rider | 6 | |
| Goblin Shredder | 1 | |
| Flying Machine | 33 | |
69 total
» upgrades
| Lumber Harvesting | 2 | |
| Storm Hammers | 1 | |
| Swords | 1 | |
| Flak Cannons | 2 | |
| Gunpowder | 1 | |
7 total
» buildings
| Farm | 20 | |
| Altar of Kings | 1 | |
| Barracks | 1 | |
| Arcane Vault | 1 | |
| Town Hall | 1 | |
| Scout Tower | 5 | |
| Arcane Tower | 1 | |
| Lumber Mill | 1 | |
| Keep | 1 | |
| Guard Tower | 2 | |
| Castle | 1 | |
| Gryphon Aviary | 4 | |
| Blacksmith | 1 | |
| Workshop | 3 | |
43 total
» build order
00:06 Farm
00:09 Altar of Kings
00:27 Barracks
00:50 Farm
01:37 Farm
03:42 Arcane Vault
03:52 Farm
04:40 Town Hall
04:53 Scout Tower
05:24 Arcane Tower
07:26 Lumber Mill
08:01 Keep
08:48 Scout Tower
09:17 Guard Tower
09:19 Scout Tower
09:23 Scout Tower
09:27 Scout Tower
10:29 Castle
10:35 Guard Tower
11:04 Gryphon Aviary
11:08 Gryphon Aviary
11:12 Gryphon Aviary
11:32 Gryphon Aviary
11:51 Farm
11:54 Farm
11:55 Farm
13:09 Blacksmith
15:57 Workshop
16:22 Workshop
17:49 Farm
17:52 Farm
17:55 Farm
18:00 Farm
18:26 Farm
18:58 Workshop
19:10 Farm
19:25 Farm
19:27 Farm
19:42 Farm
19:45 Farm
19:52 Farm
20:33 Farm
20:37 Farm
» items
| Lesser Clarity Potion | 4 | |
| Scroll of Regeneration | 4 | |
| Scroll of Town Portal | 2 | |
| Potion of Healing | 6 | |
| Potion of Mana | 1 | |
| Orb of Fire | 1 | |
18 total
papasurf (
red | 29 APM | 479 actions | 16:46)
3 Archmage
2 Blizzard
1 Brilliance Aura
» actions
| Basic commands | 1 | |
| Build / train | 55 | |
| Enter build submenu | 12 | |
| Enter hero's abilities submenu | 3 | |
| Remove unit from queue | 2 | |
| Right click | 162 | |
| Select / deselect | 192 | |
| Use ability | 52 | |
479 total
» units
| Peasant | 10 | |
| Sorceress | 6 | |
| Mortar Team | 15 | |
31 total
» upgrades
| Gunpowder | 3 | |
| Sorceress Training | 2 | |
| Armor | 2 | |
| Fragmentation Shards | 1 | |
| Flare | 1 | |
9 total
» buildings
| Lumber Mill | 1 | |
| Farm | 9 | |
| Altar of Kings | 1 | |
| Keep | 1 | |
| Arcane Vault | 1 | |
| Blacksmith | 1 | |
| Arcane Sanctum | 1 | |
| Workshop | 3 | |
| Castle | 1 | |
19 total
» build order
00:22 Lumber Mill
00:37 Farm
00:52 Altar of Kings
01:22 Farm
01:23 Farm
01:24 Farm
01:25 Farm
02:19 Keep
02:33 Arcane Vault
02:50 Blacksmith
03:54 Farm
03:55 Farm
04:43 Arcane Sanctum
04:51 Workshop
04:56 Workshop
05:06 Workshop
08:49 Castle
14:11 Farm
14:12 Farm
» items
| Scroll of Regeneration | 2 | |
| Lesser Clarity Potion | 1 | |
| Scroll of Town Portal | 3 | |
| Potion of Healing | 1 | |
7 total

»
naga_suck (
teal | 78 APM | 1367 actions | 17:32)
3 Mountain King
2 Storm Bolt
1 Bash
1 Paladin
1 Holy Light
» actions
| Assign group hotkey | 22 | |
| Build / train | 65 | |
| Enter build submenu | 21 | |
| Enter hero's abilities submenu | 4 | |
| Give item / drop item | 2 | |
| Right click | 657 | |
| Select / deselect | 213 | |
| Select group hotkey | 316 | |
| Use ability | 67 | |
1367 total
» units
| Peasant | 15 | |
| Footman | 4 | |
| Priest | 5 | |
| Sorceress | 1 | |
| Siege Engine | 7 | |
| Knight | 2 | |
34 total
» upgrades
| Lumber Harvesting | 2 | |
| Priest Training | 2 | |
| Barrage | 1 | |
| Gunpowder | 1 | |
6 total
» buildings
| Altar of Kings | 1 | |
| Farm | 6 | |
| Barracks | 1 | |
| Scout Tower | 3 | |
| Arcane Tower | 2 | |
| Arcane Vault | 1 | |
| Keep | 1 | |
| Town Hall | 2 | |
| Lumber Mill | 1 | |
| Guard Tower | 2 | |
| Blacksmith | 1 | |
| Arcane Sanctum | 1 | |
| Workshop | 1 | |
| Castle | 1 | |
| Cannon Tower | 1 | |
25 total
» build order
00:12 Altar of Kings
00:21 Farm
00:36 Barracks
00:59 Farm
01:42 Scout Tower
02:00 Farm
02:08 Arcane Tower
02:30 Arcane Vault
02:38 Farm
03:39 Keep
04:26 Town Hall
04:43 Scout Tower
05:00 Lumber Mill
05:13 Arcane Tower
05:15 Scout Tower
06:16 Guard Tower
07:12 Blacksmith
07:14 Arcane Sanctum
08:43 Workshop
09:05 Castle
11:22 Guard Tower
11:24 Cannon Tower
12:04 Farm
12:09 Farm
16:17 Town Hall
» items
| Scroll of Regeneration | 1 | |
| Lesser Clarity Potion | 2 | |
| Potion of Healing | 2 | |
| Potion of Mana | 3 | |
| Ivory Tower | 3 | |
| Scroll of Town Portal | 1 | |
12 total
billehthekid (
blue | 43 APM | 767 actions | 18:01)
3 Mountain King
2 Storm Bolt
1 Thunder Clap
1 Archmage
1 Blizzard
1 Paladin
1 Holy Light
» actions
| Assign group hotkey | 22 | |
| Build / train | 46 | |
| ESC pressed | 2 | |
| Enter build submenu | 25 | |
| Enter hero's abilities submenu | 5 | |
| Right click | 241 | |
| Select / deselect | 306 | |
| Select group hotkey | 71 | |
| Use ability | 48 | |
767 total
» units
| Peasant | 15 | |
| Rifleman | 8 | |
| Flying Machine | 1 | |
24 total
» upgrades
| Gunpowder | 3 | |
| Armor | 1 | |
| Long Rifles | 1 | |
5 total
» buildings
| Farm | 8 | |
| Altar of Kings | 1 | |
| Barracks | 2 | |
| Blacksmith | 1 | |
| Scout Tower | 2 | |
| Lumber Mill | 1 | |
| Town Hall | 1 | |
| Keep | 1 | |
| Guard Tower | 1 | |
| Arcane Tower | 1 | |
| Arcane Vault | 1 | |
| Castle | 1 | |
| Workshop | 3 | |
24 total
» build order
00:23 Farm
00:37 Altar of Kings
00:53 Barracks
01:06 Farm
01:50 Farm
02:13 Barracks
02:34 Blacksmith
03:09 Farm
05:31 Scout Tower
05:34 Lumber Mill
06:06 Scout Tower
06:54 Town Hall
07:15 Farm
08:13 Farm
08:40 Keep
09:05 Farm
09:32 Guard Tower
09:34 Arcane Tower
10:20 Arcane Vault
11:16 Castle
11:33 Farm
14:55 Workshop
14:59 Workshop
15:14 Workshop
» items
| Potion of Healing | 1 | |
| Scroll of Town Portal | 4 | |
5 total
Chat log
(00:08 / Allies) Astros: 4 ud rush?
(00:12 / Allies) Astros: all dk
(00:25 / Allies) GoBuffs: k
(00:26 / Allies) derpp: all fiends
(00:28 / Allies) derpp: ?
(00:30 / Allies) Astros: k
(00:39 / Allies) llllllllll: dk fiend frost fast expo to expo deny
(01:03 / Allies) derpp: no rush?
(01:09 / Allies) Astros: ya rush
(01:17 / Allies) derpp: pink wants to be a unique snowflake
(03:36 / Allies) Astros: purp
(03:37 / Allies) Astros: come
(03:52 / Allies) derpp: pink isnt rushing
(03:53 / Allies) derpp: whats the point
(04:00 / Allies) derpp: just creep
(06:12 / Allies) GoBuffs: whos going what
(06:16 / Allies) Astros: frost
(07:26 / Allies) Astros: red invis morts
(07:31 / Allies) llllllllll: k
(07:32 / Allies) derpp: red is bad
(08:15 / Allies) derpp: pally
(08:22 / Allies) Astros: b
(10:26 / All) derpp: rape
(10:29 / Allies) Astros: pink
(10:33 / Allies) Astros: are u doing anything or doing anyrthing
(10:49 / All) Astros: keep in mind pink forgot how to play
(11:07 / All) derpp: cant forget if you never knew in the first place
(11:46 / Allies) derpp: anyone got wood
(11:54 / Allies) derpp: ty
(13:03 / Allies) derpp: we got the tp
(13:03 / Allies) derpp: out
(13:03 / Allies) Astros: b
(13:18 / Allies) Astros: someone get aboms for tnaks
(13:20 / Allies) derpp: all the tps
(14:44 / Allies) Astros: lol
(14:48 / Allies) Astros: purp
(14:49 / Allies) Astros: hit
(14:51 / Allies) Astros: wit me
(15:20 / Allies) Astros: b
(15:21 / Allies) Astros: b
(15:28 / Allies) Astros: nvm
(15:29 / All) Astros: gg
(15:31 / All) Astros: 2v4
(15:31 / All) Astros: np
(15:37 / All) naga_suck: lol frosts
(15:44 / All) Astros: lol dead
(16:14 / All) naga_suck: blue is shit
(16:28 / All) naga_suck: shit
(17:27 / All) naga_suck: ROFL NICE MH YELLOW
(17:35 / All) Astros: lol?
(18:20 / All) derpp: cya
(18:35 / All) Astros: fun 3v4
(18:37 / All) Astros: useless pink
(18:40 / All) llllllllll: lol
(18:47 / All) llllllllll: mvp
(18:53 / All) Astros: had frosts quicker than him and he teched rofl
(19:03 / All) llllllllll: <best in game
(19:10 / All) derpp: mvp of zero cooperation
(19:16 / All) llllllllll: ex rank 1 2x
(19:19 / All) llllllllll: mvp
(19:22 / All) derpp: terribad
(19:22 / All) Astros: so how are u so bad
(19:24 / All) llllllllll: lol
(19:26 / All) llllllllll: so mad
(19:29 / All) Astros: ur so bad
(19:31 / All) llllllllll: i play sc2
(19:38 / All) llllllllll: but war3 is the better game
(19:40 / All) llllllllll: <3 war3
(19:42 / All) llllllllll: pretty high
(19:49 / All) llllllllll: lol s4s
(19:55 / All) Astros: so u can lose?
(19:58 / All) llllllllll: get off 4s
(20:00 / All) llllllllll: ima s4s
(20:03 / Allies) derpp: get carried nub
(20:03 / All) Astros: ?
(20:04 / All) Astros: ?
(20:08 / All) llllllllll: so mad
(20:13 / All) derpp: get
(20:14 / All) Astros: why wud i get off when i can just beat u
(20:15 / All) derpp: carried
(20:15 / All) llllllllll: y u mad bro
(20:22 / All) llllllllll: mad my ud is supreme
(20:23 / All) Astros: i already know if im vs u its a 3v4
(20:26 / All) llllllllll: issoke
(20:31 / All) Astros: cant even troll stfu
(20:43 / All) llllllllll: lol my ud too beast
(20:50 / All) derpp: special ed ud
(20:54 / All) derpp: more like
(20:54 / All) llllllllll: save replay
(20:57 / All) llllllllll: u can have my build
(21:01 / All) derpp: ok thx bro
(21:03 / All) llllllllll: issoke
(21:06 / All) llllllllll: np np
(21:08 / All) Astros: save replay to show everyone on youtube what not to do
(21:12 / All) llllllllll: omg do it
(21:16 / All) derpp: im sure everyone is gonna waste their time to watch a terrible player
(21:18 / All) llllllllll: and link me
(21:22 / All) llllllllll: so i can lol with u
(21:25 / All) Astros: dude u cant even troll ur not amusing
(21:27 / All) Astros: just stfu
(21:30 / All) llllllllll: i love u man
(21:32 / All) llllllllll: i love u
(21:37 / All) Astros: u think ur funny or something its just embarassing
(21:45 / All) llllllllll: lol
(21:50 / All) llllllllll: u need some tlc
(21:56 / All) llllllllll: have u ever tried smoking weed
(21:58 / All) llllllllll: yo it's great
(22:00 / All) Astros: ?